 Dungeon Crawl Stone Soup version 0.28.0 (webtiles) character file.

Game seed: 3635653088889097482

56 Hasart the Shield-Bearer (level 3, 0/31 HPs)
             Began as a Demigod Fighter on Feb 15, 2022.
             Slain by a shadow imp (2 damage)
             ... summoned by Natasha
             ... on level 2 of the Dungeon.
             The game lasted 00:02:26 (1157 turns).

Hasart the Shield-Bearer (Demigod Fighter)          Turns: 1157, Time: 00:02:27

Health: 0/31       AC:  6    Str: 21    XL:     3   Next: 48%
Magic:  5/5        EV:  9    Int: 10    God:
Gold:   112        SH:  4    Dex: 13    Spells: 0/2 levels left

rFire   . . .      SeeInvis .   a - +0 long sword
rCold   . . .      Faith    .   c - +0 buckler
rNeg    . . .      Spirit   .   b - +0 scale mail
rPois   .          Reflect  .   (no helmet)
rElec   .          Harm     .   (no cloak)
rCorr   .          Rampage  .   (no gloves)
Will    .....                   (no boots)
Stlth   ..........              (no amulet)
HPRegen 0.10/turn               (no ring)
MPRegen 0.09/turn               (no ring)

@: no status effects
A: high MP 1, forlorn, divine attributes
a: no special abilities


You were on level 2 of the Dungeon.
You visited 1 branch of the dungeon, and saw 2 of its levels.

You collected 112 gold pieces.

Inventory:

Hand Weapons
 a - a +0 long sword (weapon)
Armour
 b - a +0 scale mail (worn)
 c - a +0 buckler (worn)
Scrolls
 e - a scroll of vulnerability {unknown}
 f - 4 scrolls of identify {unknown}
 g - a scroll of enchant weapon {unknown}
 k - a scroll of amnesia {unknown}
Potions
 d - a potion of might
 h - a potion of berserk rage {unknown}
 i - a potion of curing {unknown}
 j - a potion of heal wounds {unknown}
 l - 2 potions of lignification {unknown}


   Skills:
 + Level 3.0 Fighting
 * Level 2.6 Long Blades
 + Level 3.0 Armour
 + Level 1.1 Dodging
 + Level 3.0 Shields
 + Level 0.0 Translocations


You couldn't memorise any spells.
You knew the following spells:

 Your Spells              Type           Power      Damage    Failure   Level
a - Blink                 Tloc           0%         N/A       90%         2

Your spell library contained the following spells:

 Spells                   Type           Power      Damage    Failure   Level
 Dazzling Flash           Conj/Hex       0%         N/A       99%         3
 Lesser Beckoning         Tloc           0%         N/A       99%         3
 Agony                    Necr           0%         N/A       100%        5
 Manifold Assault         Tloc           0%         N/A       100%        5
 Silence                  Hex/Air        0%         N/A       100%        5


Dungeon Overview and Level Annotations

Branches:
Dungeon (2/15)

Annotations:
D:2 Natasha


Innate Abilities, Weirdness & Mutations

You have an increased reservoir of magic. (+10% MP)
You shall have no god before yourself.
Your divine heritage dramatically boosts your attributes as you level up.


Message History

A goblin comes into view. It is wielding a +0 dagger.
The goblin shouts!
Natasha casts a spell.
You hit Natasha.
Natasha is lightly wounded.
Natasha claws you. The shadow imp hits you. Natasha claws you.
You hit Natasha.
Natasha is heavily wounded.
The shadow imp gestures at you. Pain shoots through your body!
Natasha closely misses you.
You hit Natasha.
Natasha is severely wounded.
The shadow imp hits you but does no damage.
You block Natasha's attack.
Unknown command.
You closely miss Natasha.
Natasha is severely wounded.
The goblin hits you but does no damage. The shadow imp gestures at you.
You barely resist.
Natasha mumbles some strange words.
The goblin closely misses you. The shadow imp barely misses you.
You closely miss Natasha.
Natasha is severely wounded.
Natasha closely misses you. The goblin hits you with a +0 dagger.
* * * LOW HITPOINT WARNING * * *
The shadow imp hits you but does no damage.
Natasha claws you.
* * * LOW HITPOINT WARNING * * *
You miss Natasha.
Natasha is severely wounded.
You block the goblin's attack.
The shadow imp hits you but does no damage.
Natasha claws you.
* * * LOW HITPOINT WARNING * * *
Unknown command.
You barely miss Natasha.
Natasha is severely wounded.
The goblin barely misses you. The shadow imp hits you.
You die...

#.........######.#.##
#.........# #...#
#.........# ####)##
#.........# #.....#
#......#### #.....#
########## ##.....#
....... #....^.#
.......####.#.#.##
...).5h@5.......#
......g............
.......#......#####
....####......# ...
#........ ..
.......... .
............
.............
##........


You could see Natasha, 2 shadow imps and a goblin.

Vanquished Creatures
  An adder (D:2)
  2 worms (D:2)
  4 bats
  3 endoplasms (D:1)
  2 giant cockroaches
  3 goblins
  4 hobgoblins (D:1)
  3 jackals (D:1)
  A quokka (D:1)
  6 ball pythons
  A frilled lizard (D:1)
  4 kobolds
  5 rats
39 creatures vanquished.

Notes
Turn   | Place    | Note
-------+----------+-------------------------------------------
     0 | D:1      | Hasart the Demigod Fighter began the quest for the Orb.
     0 | D:1      | Reached XP level 1. HP: 18/18 MP: 3/3
   352 | D:1      | Reached XP level 2. HP: 25/25 MP: 4/4
   704 | D:2      | Reached XP level 3. HP: 30/30 MP: 5/5
   814 | D:2      | Reached skill level 1 in Dodging
  1110 | D:2      | Learned a level 2 spell: Blink
  1144 | D:2      | Noticed Natasha
  1156 | D:2      | HP: 1/31 [Natasha (2)]
  1157 | D:2      | Slain by a shadow imp

Illustrated notes

Levels and vault maps discovered:
D:1:      minmay_arrival_five_plusses, layout_rooms, basic_ecumenical_altar
D:2:      minmay_general_purpose_star, layout_basic, uniq_natasha

Skill      XL: |  1  2  3 |
---------------+----------+-----
Long Blades    | 2 |  2.6
Shields        | 3 |  3.0
Fighting       | 3 |  3.0
Dodging        | 1 |  1.1
Armour         | 3 |  3.0

Action                   || total
-------------------------++-------
Melee: Long sword        ||    99
Armor: Scale mail        ||    51
Dodge: Dodged            ||    59
Block: Buckler           ||    19
